 Dungeon Crawl Stone Soup version 0.30-b1-2-g02819fbbbe (webtiles) character file.

Game seed: 6593142668439465618

356 jhant the Magician (level 6, -3/25 HPs)
             Began as a Spriggan Conjurer on Oct 6, 2023.
             Was an Initiate of Vehumet.
             Slain by Grinder (4 damage)
             ... on level 5 of the Dungeon.
             The game lasted 00:33:37 (4581 turns).

jhant the Magician (Spriggan Conjurer)              Turns: 4581, Time: 00:33:37

Health: -3/25      AC:  3    Str:  3    XL:     6   Next: 36%
Magic:  6/14       EV: 18    Int: 22    God:    Vehumet [......]
Gold:   267        SH:  0    Dex: 19    Spells: 8/15 levels left

rFire   . . .        c - +1 spear (chaos)
rCold   . . .        (no shield)
rNeg    . . .        a - +1 robe
rPois   .            (helmet restricted)
rElec   .            (no cloak)
rCorr   .            (gloves unavailable)
SInv    +            (boots unavailable)
Will    +....        g - amulet of magic regeneration
Stlth   +++          d - +6 ring of dexterity
HPRegen 0.24/turn    (no ring)
MPRegen 0.54/turn

%: no passive effects
@: very quick
A: very small, no large weapons, unfitting armour, see invisible, speed 3, horns
1, frail 1, wild magic 1
a: Renounce Religion


You were on level 5 of the Dungeon.
You worshipped Vehumet.
Vehumet was noncommittal.
You visited 2 branches of the dungeon, and saw 6 of its levels.

You collected 267 gold pieces.

Inventory:

Hand Weapons
 c - a +1 spear of chaos (weapon)
Armour
 a - a +1 robe (worn)
 m - a +0 troll leather armour
Jewellery
 d - a +6 ring of dexterity (left hand)
 g - an amulet of magic regeneration (around neck)
Wands
 l - a wand of digging (4)
Scrolls
 e - 2 scrolls of fear
 f - a scroll of noise
 j - 3 scrolls of identify
 k - 2 scrolls of teleportation
Potions
 b - a potion of magic
 h - 2 potions of curing
 i - a potion of ambrosia


   Skills:
 + Level 0.1 Fighting
 + Level 0.2 Polearms
 + Level 3.5 Dodging
 + Level 4.6 Stealth
 + Level 5.3 Spellcasting
 + Level 4.3 Conjurations
 + Level 0.4 Translocations


You had 8 spell levels left.
You knew the following spells:

 Your Spells              Type           Power      Damage    Failure   Level
a - Magic Dart            Conj           100%       1d8       3%          1
b - Searing Ray           Conj           64%        2d6       4%          2
c - Blink                 Tloc           20%        N/A       17%         2
d - Momentum Strike       Conj/Tloc      42%        3d9       9%          2

Your spell library contained the following spells:

 Spells                   Type           Power      Damage    Failure   Level
 Freeze                   Ice            28%        1d5       14%         1
 Lesser Beckoning         Tloc           20%        N/A       17%         2
 Dazzling Flash           Conj/Hex       40%        N/A       17%         3
 Hailstorm                Conj/Ice       20%        3d6       17%         3
 Cigotuvi's Dreadful Rot  Necr/Pois/Air  14%        N/A       22%         2
 Frozen Ramparts          Ice            14%        1d3       38%         3
 Tukima's Dance           Hex            7%         N/A       38%         3
 Fulminant Prism          Conj/Hex       10%        3d9       45%         4
 Iskenderun's Mystic Bla  Conj/Tloc      21%        2d6       45%         4
 Passage of Golubria      Tloc           10%        N/A       71%         4
 Dispel Undead            Necr           7%         3d8       77%         4
 Yara's Violent Unravell  Hex/Tmut       3%         3d4       97%         5
 Death Channel            Necr           3%         N/A       100%        6


Dungeon Overview and Level Annotations

Branches:
Dungeon (5/15)             Temple (1/1) D:5

Altars:
Ashenzari
Makhleb
Nemelex Xobeh
Okawaru
Trog
Vehumet
Wu Jian
Yredelemnul
The Shining One

Shops:
D:3 [

Annotations:
D:5 Grinder


Innate Abilities, Weirdness & Mutations

You are very small and have problems with some larger weapons.
You are too small for most types of armour.
You have supernaturally acute eyesight. (SInv)
You cover ground extremely quickly. (Speed+++)
You have a pair of small horns on your head.
You are frail. (-10% HP)
Your spells are a little harder to cast, but a little more powerful.


Message History

(Press . to maintain the ray.) Grinder gestures at you.
Pain shoots through your body!
Ouch! That really hurt!
Casting: Searing Ray (safe; 4% risk of failure)
Confirm with . or Enter, or press ? or * to list all spells.
Restarting spell: Searing Ray (safe; 4% risk of failure)
Press: ? - help, Shift-Dir - straight line, f/p - Grinder
Aim: Grinder (moderately wounded, 78% to hit)
The searing ray misses the hound.
The searing ray hits Grinder!
Grinder is heavily wounded. (Press . to maintain the ray.)
The searing ray hits the hound.
The hound is moderately wounded.
The searing ray misses Grinder.
The hound bites you.
You can't go up here!
Unknown command.
You can't go up here!
Casting: Searing Ray (safe; 4% risk of failure)
Confirm with . or Enter, or press ? or * to list all spells.
Restarting spell: Searing Ray (safe; 4% risk of failure)
Press: ? - help, Shift-Dir - straight line, f/p - Grinder
Aim: Grinder (heavily wounded, 78% to hit)
The searing ray hits the hound!
The hound is severely wounded.
The searing ray hits Grinder.
Grinder is heavily wounded. (Press . to maintain the ray.)
The hound barely misses you.
Casting: Searing Ray (safe; 4% risk of failure)
Confirm with . or Enter, or press ? or * to list all spells.
Restarting spell: Searing Ray (safe; 4% risk of failure)
Press: ? - help, Shift-Dir - straight line, f/p - Grinder
Aim: Grinder (heavily wounded, 78% to hit)
The searing ray misses Grinder. (Press . to maintain the ray.)
The hound barely misses you. Grinder hits you!
* * * LOW HITPOINT WARNING * * *
You writhe in agony.
You die...

#...... ##.#.#. #.....
### ###.#. ..
############... #
####.###..........###.
#.......##.###.##.#.#
## .....#..##.#
#.##.#.# #...@...#
#.##.#.# #.....5h####
#.##.#.# ..#####.#
#.##.#.# ..#
#......### ....
##.......# .....
#.#.###.## #.....
#.#.###.#. .......
.......... #.#.###.#.


You could see Grinder and a hound.

Vanquished Creatures
  A scorpion (D:4)
  2 hounds (D:4)
  2 jellies (D:5)
  An iguana (D:5)
  4 adders
  A shadow imp (D:4)
  2 worms (D:2)
  2 dart slugs
  4 orcs
  9 ball pythons
  10 endoplasms
  4 giant cockroaches
  9 goblins
  11 hobgoblins
  4 jackals (D:3)
  6 quokkas
  A bat (D:1)
  5 frilled lizards
  9 kobolds
  5 rats
  A spectral orc (D:3)
93 creatures vanquished.

Notes
Turn   | Place    | Note
-------+----------+-------------------------------------------
     0 | D:1      | jhant the Spriggan Conjurer began the quest for the Orb.
     0 | D:1      | Reached XP level 1. HP: 9/9 MP: 5/5
   244 | D:1      | Reached XP level 2. HP: 13/13 MP: 4/6
   712 | D:1      | Gained mutation: You are frail. (-10% HP) [potion of
                  | mutation]
   712 | D:1      | Gained mutation: Your spells are a little harder to cast,
                  | but a little more powerful. [potion of mutation]
   712 | D:1      | Gained mutation: You have a pair of small horns on your
                  | head. [potion of mutation]
   778 | D:1      | Learned a level 1 spell: Magic Dart
   781 | D:1      | Learned a level 2 spell: Searing Ray
   784 | D:1      | Learned a level 2 spell: Blink
   956 | D:1      | Reached skill level 3 in Spellcasting
  1158 | D:1      | Reached XP level 3. HP: 14/14 MP: 5/8
  1648 | D:2      | Reached XP level 4. HP: 18/18 MP: 7/10
  3085 | D:3      | Found a faded altar of an unknown god.
  3189 | D:3      | Learned a level 2 spell: Momentum Strike
  3202 | D:3      | Reached skill level 4 in Spellcasting
  3217 | D:3      | Found an iron altar of Okawaru.
  3382 | D:3      | Found Tirru's Armour Emporium.
  3548 | D:3      | Found a basalt altar of Yredelemnul.
  3600 | D:4      | Found an ornate altar of the Wu Jian Council.
  3728 | D:4      | Reached XP level 5. HP: 21/21 MP: 7/12
  4103 | D:4      | Reached skill level 5 in Spellcasting
  4103 | D:4      | Reached XP level 6. HP: 25/25 MP: 10/14
  4133 | D:5      | Entered Level 5 of the Dungeon
  4225 | D:5      | Found a staircase to the Ecumenical Temple.
  4231 | Temple   | Entered the Ecumenical Temple
  4451 | Temple   | Became a worshipper of Vehumet
  4573 | D:5      | Noticed Grinder
  4581 | D:5      | HP: 1/25 [Grinder (9)]
  4581 | D:5      | Slain by Grinder

Illustrated notes

Levels and vault maps discovered:
D:1:      roderic_chinese_lattice_arrival, layout_rooms
D:2:      layout_basic
D:3:      layout_rooms, yredelemnul_forgotten_temple_becter,
          overflow_temple_1_default, hellmonk_ecumenical_altar_blasted,
          serial_shops, nicolae_square_shop
D:4:      layout_rooms, overflow_temple_1_default, serial_rivers,
          chequers_serial_rivers_micro_c, chequers_serial_rivers_marsh,
          chequers_serial_rivers_micro_e, chequers_serial_rivers_small_3,
          nicolae_elevator_lobby_asterisk
D:5:      layout_loops_cross, grunt_temple_overflow_growth_and_decay,
          mainiacjoe_overflow_boulevard, minmay_temple_entry_nine_rooms,
          uniq_grinder
Temple:   hellmonk_temple_flake

Skill      XL: |  1  2  3  4  5 |
---------------+----------------+-----
Conjurations   | 3 4 |  4.3
Spellcasting   | 3 4 5 |  5.3
Dodging        | 3 |  3.5
Stealth        | 4 |  4.6
Fighting       | |  0.1
Polearms       | |  0.2
Translocations | |  0.4

Action                     |  1- 3 |  4- 6 || total
---------------------------+-------+-------++-------
  Melee: Unarmed           |    18 |       ||    18
         Spear             |       |     5 ||     5
         Headbutt          |       |     1 ||     1
   Cast: Magic Dart        |    74 |    96 ||   170
         Searing Ray       |     5 |    33 ||    38
         Momentum Strike   |       |     1 ||     1
    Use: Potion            |     3 |     3 ||     6
         Scroll            |     3 |     7 ||    10
 Armour: Robe              |       |     4 ||     4
         Troll leather arm |       |     3 ||     3
  Dodge: Dodged            |    26 |    24 ||    50
